Map: Romanticide LE

Players

cure - Winner!

  • Race: Terran Terran
  • Spawn Location: 11:00

HeroMarine

  • Race: Terran Terran
  • Spawn Location: 5:00

Event: StayAtHome Story Cup #3

VOD

Have the link to the VOD?

Description

Time

  • Played on: March 13, 2021, 1:25 p.m.
  • Length: 11:43

All games in this series

Show
View Real Time Build Order
Export as new Build Order

cure Terran - Winner!

Build Orders:  

Get SALT Encoding   

  12  0:00  SCV  
  13  0:12  SCV  
  14  0:17  Supply Depot  
  14  0:25  SCV  
  15  0:39  SCV, Barracks  
  16  0:42  Refinery  
  16  0:51  SCV  
  16  0:52  Refinery  
  17  1:03  SCV  
  18  1:15  SCV  
  19  1:26  Reaper  
  19  1:27  Orbital Command  
  19  1:28  Supply Depot  
  20  1:43  Factory  
  21  1:54  SCV  
  21  1:58  Reaper  
  22  2:06  SCV  
  23  2:18  SCV  
  24  2:23  Command Center  
  24  2:28  Hellion  
  26  2:30  SCV  
  26  2:36  Barracks Reactor  
  27  2:42  SCV  
  28  2:45  Supply Depot  
  28  2:49  Starport  
  28  2:52  Factory Tech Lab  
  28  2:55  SCV  
  29  3:07  SCV  
  29  3:12  Cyclone  
  33  3:14  Marine x2  
  35  3:20  Refinery, SCV  
  35  3:25  Starport Tech Lab  
  36  3:32  SCV  
  37  3:35  Orbital Command  
  37  3:37  Marine x2  
  39  3:44  SCV, Raven  
  42  3:54  Supply Depot  
  42  3:55  Siege Tank  
  45  3:58  SCV  
  45  4:00  SCV  
  47  4:03  Marine  
  47  4:05  Marine  
  49  4:10  SCV  
  49  4:13  SCV  
  51  4:17  Supply Depot  
  51  4:22  SCV  
  51  4:23  Marine x2  
  54  4:25  SCV  
  54  4:27  Medivac  
  54  4:31  Siege Tank  
  60  4:35  SCV  
  60  4:37  SCV, Supply Depot  
  62  4:41  Marine x2  
  64  4:47  SCV, Supply Depot  
  64  4:49  SCV  
  66  4:57  Raven  
  66  4:59  SCV, Marine x2  
  71  5:01  SCV  
  72  5:07  Siege Tank  
  72  5:11  SCV  
  72  5:12  Supply Depot  
  72  5:13  SCV, Supply Depot  
  77  5:17  Marine x2  
  79  5:23  SCV  
  79  5:25  SCV  
  81  5:35  SCV, Command Center  
  82  5:37  SCV  
  82  5:40  Siege Tank  
  86  5:47  Marine, Viking  
  86  5:48  Viking, Stimpack  
  91  5:54  SCV x2  
  91  5:56  Refinery  
  93  5:58  Supply Depot  
  93  5:59  Supply Depot  
  93  6:05  Marine  
  93  6:06  SCV x2  
  96  6:16  Siege Tank  
  96  6:18  SCV x2  
  101  6:21  Viking  
  101  6:22  Marine  
  104  6:38  Barracks  
  104  6:39  SCV x2, Barracks  
  106  6:40  Marine  
  107  6:47  Viking  
  107  6:48  Orbital Command, Siege Tank  
  107  6:49  Engineering Bay  
  107  6:52  Engineering Bay  
  107  6:54  Viking  
  114  6:57  SCV x2  
  114  6:58  Marine  
  117  7:10  SCV x2  
  117  7:11  Barracks  
  117  7:13  Barracks  
  119  7:16  Marine  
  105  7:23  SCV x3  
  105  7:25  Viking x2  
  98  7:30  Barracks Reactor  
  98  7:32  Barracks Reactor  
  98  7:33  Siege Tank  
  98  7:34  Marine  
  98  7:35  SCV x2  
  93  7:37  Orbital Command  
  89  7:47  SCV x2, Terran Infantry Weapons Level 1, Terran Infantry Armor Level 1  
  89  7:51  Marine  
  90  7:59  SCV x2  
  90  8:00  Barracks Reactor  
  90  8:01  Combat Shield  
  90  8:04  SCV  
  93  8:06  Refinery x2, Barracks Reactor  
  93  8:07  Marine  
  93  8:08  Marine  
  93  8:11  SCV x2  
  97  8:18  Marine x3  
  100  8:23  Medivac x2  
  104  8:28  Command Center  
  104  8:31  SCV x3  
  107  8:35  Missile Turret  
  107  8:40  Sensor Tower  
  107  8:41  Marine x7  
  107  8:42  Marine x2  
  107  8:45  Siege Tank  
  107  8:46  Supply Depot  
  119  8:54  Armory  
  119  8:59  Marine x6  
  119  9:00  Medivac  
  119  9:01  Medivac  
  129  9:06  Marine x3  
  132  9:12  Factory  
  132  9:17  Marine x4, Siege Tank  
  132  9:18  Supply Depot  
  138  9:25  Marine x3  
  141  9:32  Supply Depot x2  
  141  9:33  Supply Depot  
  141  9:34  Supply Depot  
  141  9:37  Barracks Reactor  
  141  9:39  Marine x5  
  141  9:41  SCV x3  
  141  9:43  Marine  
  154  9:53  Siege Tank  
  154  9:54  Refinery  
  154  9:56  Refinery, Marine x2  
  154  9:57  Marine x4  
  154  9:59  Planetary Fortress  
  159  10:05  Sensor Tower  
  159  10:06  Marine x2  
  161  10:12  SCV x3  
  161  10:14  Marine x4  
  166  10:30  Marine x2  
  166  10:31  Marine x4, Siege Tank x2  
  166  10:32  Viking x2  
  179  10:40  Marine x2  
  179  10:49  Marine x5  
  181  10:50  Marine  
  181  10:52  Marine x2  
  181  10:57  Marine x2  
  169  11:07  Marine x6  
  169  11:10  Marine x2  
  169  11:11  Siege Tank x2  
  176  11:15  Marine x2  
  182  11:25  Marine x3  
Show
View Real Time Build Order
Export as new Build Order

HeroMarine Terran 

Build Orders:  

Get SALT Encoding   

  12  0:00  SCV  
  13  0:12  SCV  
  14  0:17  Supply Depot  
  14  0:24  SCV  
  15  0:38  SCV  
  15  0:40  Barracks  
  16  0:43  Refinery  
  16  0:50  SCV  
  16  0:52  Refinery  
  17  1:03  SCV  
  18  1:15  SCV  
  19  1:27  Reaper, Orbital Command  
  19  1:28  Supply Depot  
  20  1:45  Factory  
  20  1:52  SCV  
  21  1:59  Reaper  
  22  2:04  SCV  
  23  2:16  SCV  
  24  2:22  Command Center  
  24  2:28  SCV  
  24  2:29  Hellion  
  27  2:31  Barracks Reactor  
  27  2:37  Supply Depot  
  27  2:41  SCV  
  28  2:51  Widow Mine, Starport  
  30  2:55  SCV  
  31  3:07  SCV  
  31  3:09  Marine x2  
  31  3:12  Factory Tech Lab  
  34  3:16  Refinery  
  34  3:19  SCV  
  35  3:27  Marine x2  
  35  3:28  Starport Tech Lab  
  35  3:31  SCV  
  38  3:34  Cyclone  
  38  3:39  Orbital Command  
  41  3:43  SCV  
  42  3:54  Raven  
  42  3:55  SCV, Marine, Supply Depot  
  45  3:56  Marine  
  47  4:06  Siege Tank  
  47  4:07  SCV  
  47  4:09  SCV  
  52  4:14  Marine x2  
  54  4:19  SCV  
  54  4:21  SCV, Supply Depot  
  56  4:31  SCV  
  56  4:32  Marine x2  
  56  4:33  SCV  
  56  4:36  Raven  
  62  4:43  SCV  
  63  4:46  SCV  
  63  4:48  Command Center  
  63  4:51  Supply Depot  
  64  4:55  SCV  
  64  4:58  SCV  
  64  4:59  Siege Tank  
  69  5:02  Refinery  
  69  5:08  SCV  
  69  5:13  SCV  
  71  5:20  SCV  
  72  5:22  Barracks x2  
  72  5:25  SCV, Stimpack  
  73  5:30  Viking, Supply Depot  
  73  5:33  Viking  
  77  5:37  SCV  
  78  5:51  Engineering Bay  
  78  5:52  SCV x2, Engineering Bay, Siege Tank  
  83  6:00  Viking  
  83  6:03  Orbital Command, Viking  
  87  6:05  SCV  
  87  6:06  SCV  
  89  6:15  Barracks Reactor x2  
  89  6:18  SCV x2  
  89  6:30  Viking  
  89  6:31  SCV  
  89  6:32  SCV, Viking, Orbital Command  
  93  6:39  Siege Tank  
  98  6:40  Marine  
  98  6:42  Terran Infantry Armor Level 1, Terran Infantry Weapons Level 1  
  98  6:43  SCV  
  98  6:44  SCV  
  101  6:50  Barracks  
  101  6:51  Barracks  
  101  6:56  Refinery  
  101  7:00  Refinery  
  101  7:05  Supply Depot x2  
  101  7:10  SCV  
  101  7:12  SCV  
  101  7:16  SCV  
  101  7:22  SCV  
  99  7:24  SCV, Marine x2  
  99  7:25  Marine x3  
  99  7:26  Siege Tank  
  93  7:30  SCV  
  93  7:34  SCV  
  93  7:37  SCV  
  80  7:42  Marine x2  
  80  7:43  SCV, Marine x2  
  78  7:46  SCV  
  78  7:49  SCV  
  78  7:50  Marine  
  78  7:51  Combat Shield  
  81  7:55  Medivac x2  
  81  7:56  SCV  
  82  7:59  SCV, Marine  
  82  8:00  Marine  
  82  8:01  SCV  
  82  8:05  Sensor Tower  
  86  8:07  Marine  
  86  8:08  SCV  
  86  8:09  Marine  
  86  8:11  SCV  
  86  8:12  Barracks Reactor x2  
  90  8:13  SCV  
  90  8:18  Armory  
  91  8:20  SCV  
  91  8:23  SCV, Marine, Siege Tank  
  91  8:24  Marine  
  91  8:25  SCV  
  91  8:27  Marine  
  99  8:29  Marine x2  
  99  8:32  SCV  
  101  8:35  SCV  
  101  8:37  SCV  
  107  8:44  SCV  
  107  8:46  Supply Depot  
  107  8:47  SCV  
  113  8:48  Supply Depot  
  113  8:49  SCV  
  111  8:58  Viking x2  
  111  8:59  SCV x2  
  111  9:01  SCV  
  113  9:04  Command Center  
  113  9:05  Terran Infantry Armor Level 2, Terran Infantry Weapons Level 2  
  113  9:06  Terran Vehicle Weapons Level 1  
  113  9:11  SCV x2, Marine x2  
  113  9:12  Marine  
  118  9:18  SCV  
  118  9:19  Supply Depot  
  118  9:20  Marine x2  
  118  9:21  Supply Depot  
  118  9:23  SCV  
  118  9:24  Marine  
  123  9:27  Siege Tank  
  123  9:29  Barracks Reactor  
  127  9:32  Viking x2  
  127  9:36  Marine  
  127  9:37  Marine x3  
  133  9:39  Factory  
  133  9:41  Marine  
  133  9:44  Supply Depot x2  
  134  9:48  Marine x3  
  137  9:54  Marine  
  137  9:55  Starport x2  
  141  10:00  SCV x2, Siege Tank  
  141  10:02  Viking x2  
  141  10:04  SCV  
  148  10:07  Marine x5  
  148  10:09  Marine  
  148  10:12  SCV x2  
  156  10:17  SCV  
  156  10:19  Marine x2  
  156  10:21  Marine x2  
  160  10:24  SCV  
  160  10:28  Refinery  
  159  10:31  SCV x2  
  159  10:32  Marine x4, Viking x2  
  159  10:34  Siege Tank x2  
  171  10:36  SCV  
  171  10:40  Marine  
  173  10:46  Marine  
  173  10:47  Marine x3  
  173  10:49  Starport Tech Lab x2  
  177  10:51  Marine x2  
  177  10:55  Marine x2  
  179  11:01  Marine x2  
  161  11:04  Marine x2  
  161  11:05  Viking x2  
  161  11:06  Marine x2, Siege Tank x2  
  161  11:10  Marine x2  
  177  11:20  SCV  
  177  11:21  SCV x2  
  177  11:22  Marine x5  
  177  11:23  Marine  
  177  11:24  Marine x2  
Tags
 
Add a new tag
Caveats
  • Supply blocks, unpowered buildings, or Contaminate may cause inaccurate times.
  • Supply counts are checked every 10 seconds.